 Dungeon Crawl Stone Soup version 0.30-a0-799-g109b55a442 (webtiles) character file.

Game seed: 17103349358094637790

86 Jeffwins the Changer (level 4, -1/30 HPs)
             Began as a Human Wanderer on Feb 20, 2023.
             Slain by an orc priest
             ... wielding a +0 morningstar
              (8 damage)
             ... on level 3 of the Dungeon.
             The game lasted 00:05:12 (2280 turns).

Jeffwins the Changer (Human Wanderer)               Turns: 2280, Time: 00:05:13

Health: -1/30      AC: 12    Str: 14      XL:     4   Next: 78%
Magic:  1/7        EV: 11    Int: 21 (23) God:
Gold:   125        SH:  0    Dex:  6 (8)  Spells: 3/7 levels left

rFire   + . .      SeeInvis .    q - +9 hand axe "Iczioc" {drain, rF+}
rCold   . . .      Faith    .    (no shield)
rNeg    . . .      Spirit   .    c - +3 leather armour
rPois   .          Reflect  .    g - +0 helmet
rElec   .          Harm     .    o - +0 cloak
rCorr   .          Rampage  .    p - +2 pair of gloves
Will    .....                    d - +0 pair of boots
Stlth   +                        (no amulet)
HPRegen 0.25/turn                S - +6 ring of strength
MPRegen 0.10/turn                (no ring)

@: hasted, very quick
A: no striking features
a: no special abilities


You were on level 3 of the Dungeon.
You visited 1 branch of the dungeon, and saw 3 of its levels.

You collected 125 gold pieces.


   Skills:
 * Level 0.0 Axes
 - Level 1.0 Throwing
 - Level 1.0 Armour
 - Level 2.0 Dodging
 + Level 0.0 Stealth
 * Level 2.0 Spellcasting
 * Level 1.9 Conjurations
 + Level 3.1 Transmutations
 * Level 2.9 Air Magic
 * Level 1.1 Poison Magic
 + Level 0.0 Evocations


You had 3 spell levels left.
You knew the following spells:

 Your Spells              Type           Power      Damage    Failure   Level
m - Mephitic Cloud        Conj/Pois/Air  10%        N/A       24%         3
z - Shock                 Conj/Air       48%        1d6       7%          1

Your spell library contained the following spells:

 Spells                   Type           Power      Damage    Failure   Level
 Beastly Appendage        Tmut           30%        N/A       4%          1
 Apportation              Tloc           4%         N/A       19%         1
 Necrotise                Necr           8%         1d4       19%         1
 Ignite Poison            Fire/Tmut/Pois 8%         N/A       30%         3
 Kindle Blastsparks       Fire/Tloc/Air  12%        2d11      36%         3
 Vampiric Draining        Necr           2%         2d6       47%         3
 Alistair's Intoxication  Tmut/Pois      7%         N/A       91%         5
 Agony                    Necr           2%         N/A       99%         5

Inventory:

Hand Weapons
 a - a +4 dagger of venom
 q - the +9 hand axe "Iczioc" (weapon) {drain, rF+}
   (You found it on level 3 of the Dungeon)

   rF:        It protects you from fire.
Missiles
 h - 4 javelins (quivered)
 n - 2 poisoned darts
Armour
 c - a +3 leather armour (worn)
 d - a +0 pair of boots (worn)
 g - a +0 helmet (worn)
 o - a +0 cloak (worn)
 p - a +2 pair of gloves (worn)
Jewellery
 S - a +6 ring of strength (left hand)
Wands
 m - a wand of mindburst (12)
Scrolls
 b - a scroll of fog
 e - 2 scrolls of immolation {unknown}
 f - 5 scrolls of identify {unknown}
 i - 2 scrolls of teleportation {unknown}
 k - a scroll of enchant weapon {unknown}
 r - a scroll of vulnerability {unknown}
 t - 2 scrolls of noise {unknown}
 u - 2 scrolls of poison {unknown}
Potions
 j - 2 potions of flight

Dungeon Overview and Level Annotations

Branches:
Dungeon (3/15)

Altars:

Shops:
D:1

= #.# #.# ... ##.## .# #.. ...
... #.# #.# #.# #.# #.# #.# .
#.#####.#)# ###.### ...
........#@# #...#.. ....###†#
... #o# #...#.# #
....o...#.##.##.#####...#.# #
...oo..............##.....##..


You could see an orc priest (very drained).


Message History

The zap hits the orc.
You kill the orc!
The zap hits the orc.
The orc is severely wounded.
The orc priest shouts!
The orc barely misses you.
Things that are here:
a +0 hand axe; 15 gold pieces You hit the orc.
You kill the orc!
The orc priest hits you with a +0 morningstar!
Things that are here:
a +0 short sword; an orc corpse You barely miss the orc priest.
The orc priest hits you but does no damage.
The orc priest hits you with a +0 morningstar.
You barely miss the orc priest.
The orc priest mumbles some strange prayers to Beogh against you.
Pain shoots through your body!
* * * LOW HITPOINT WARNING * * *
Your magical contamination has completely faded away.
You are too injured to fight recklessly!
Unknown command.
You feel yourself speed up.
The orc priest hits you with a +0 morningstar.
* * * LOW HITPOINT WARNING * * *
You hit the orc priest. You drain the orc priest.
The orc priest is moderately wounded.
The orc priest hits you with a +0 morningstar!
You die...

Skill      XL: |  1  2  3 |
---------------+----------+-----
Conjurations   | 1 |  1.9
Spellcasting   | 2 |  2.0
Poison Magic   | 1 |  1.1
Throwing       | |  1.0
Armour         | |  1.0
Dodging        | |  2.0
Transmutations | |  3.1
Air Magic      | |  2.9

Action                     |  1- 3 |  4- 6 || total
---------------------------+-------+-------++-------
  Melee: Club              |    10 |       ||    10
         Mace              |     2 |       ||     2
         Quarterstaff      |    11 |       ||    11
         Dagger            |       |    10 ||    10
         Hand axe          |       |     6 ||     6
  Throw: Dart              |     2 |       ||     2
   Cast: Shock             |    61 |    12 ||    73
         Mephitic Cloud    |     1 |       ||     1
    Use: Potion            |     7 |     1 ||     8
   Stab: Confused          |     2 |       ||     2
 Armour: Robe              |     8 |       ||     8
         Leather armour    |       |    10 ||    10
  Dodge: Dodged            |    16 |    10 ||    26

Levels and vault maps discovered:
D:1:      spicycebolla_arrival_xxxplode, layout_basic, nicolae_shop_unique_rings
D:2:      layout_basic
D:3:      layout_basic, nicolae_overflow_hallway_of_the_gods, uniq_ijyb,
          uniq_grinder

Notes
Turn   | Place    | Note
-------+----------+-------------------------------------------
     0 | D:1      | Jeffwins the Human Wanderer began the quest for the Orb.
     0 | D:1      | Jeffwins set off with the following items: a +0 club, a
                  | scroll of fog, a +0 robe, a +0 pair of boots; and the
                  | following spells available to memorise: Beastly Appendage,
                  | Shock, Ignite Poison, Kindle Blastsparks, Mephitic Cloud.
     0 | D:1      | Reached XP level 1. HP: 13/13 MP: 2/2
    51 | D:1      | Found Liseg's One-of-a-Kind Rings.
    79 | D:1      | Learned a level 1 spell: Shock
   310 | D:1      | Reached XP level 2. HP: 11/19 MP: 4/4
   971 | D:2      | Reached skill level 1 in Conjurations
   971 | D:2      | Reached XP level 3. HP: 24/24 MP: 0/5
   975 | D:2      | Learned a level 3 spell: Mephitic Cloud
  1932 | D:3      | Noticed Ijyb
  1991 | D:3      | Killed Ijyb
  1992 | D:3      | Reached skill level 2 in Spellcasting
  1992 | D:3      | Reached skill level 1 in Poison Magic
  1992 | D:3      | Reached XP level 4. HP: 23/30 MP: 0/7
  2244 | D:3      | Identified the +9 hand axe "Iczioc" {drain, rF+}
  2280 | D:3      | Slain by an orc priest

Vanquished Creatures
  Ijyb (D:3)
  An adder (D:2)
  3 dart slugs
  6 orcs
  5 endoplasms
  A giant cockroach (D:2)
  5 goblins
  4 hobgoblins
  4 ball pythons
  2 bats
  3 frilled lizards
  2 rats
37 creatures vanquished.

Table legend: (Time is in decaauts)
 A = Elapsed time spent in this place.
 B = Non-inter-level travel time spent in this place.
 C = Inter-level travel time spent in this place.
 D = Time resting spent in this place.
 E = Time spent auto-exploring this place.
 F = Levels seen in this place.
 G = Mean time per level.
                   A        B        C        D        E       F      G
               +--------+--------+--------+--------+--------+-----+--------+
         Total |   2266 |   2159 |    107 |    103 |   1695 |   3 |  755.3 |
       Dungeon |   2266 |   2159 |    107 |    103 |   1695 |   3 |  755.3 |
               +--------+--------+--------+--------+--------+-----+--------+

Top non-repeatable levels by time:
     D:2: 929 daAuts
     D:1: 827 daAuts
     D:3: 509 daAuts

Table legend:
 A = Non-vault XP
 B = Vault XP
 C = Vault XP percentage of total XP
 D = Non-vault monster count
 E = Vault monster count
 F = Vault count percentage of total count
                 A         B        C        D         E       F
            +---------+---------+-------+---------+---------+-------
      Total |      86 |      38 |  30.6 |      36 |       1 |   2.7
            +---------+---------+-------+---------+---------+-------
        D:1 |      19 |       0 |   0.0 |      10 |       0 |   0.0
        D:2 |      41 |       0 |   0.0 |      15 |       0 |   0.0
        D:3 |      26 |      38 |  59.4 |      11 |       1 |   8.3
            +---------+---------+-------+---------+---------+-------
